 Dungeon Crawl Stone Soup version 0.25.1-2-g60ff931df9 (webtiles) character file.

Game seed: 8199579041814707009

9424 DerDa the Thaumaturge (level 11, -12/77 HPs)
             Began as a Vampire Wizard on Oct 9, 2020.
             Was a High Priest of Sif Muna.
             Killed from afar by Josephine (35 damage)
             ... with a ghostly fireball
             ... on level 11 of the Dungeon.
             The game lasted 00:50:48 (13287 turns).

DerDa the Thaumaturge (Vampire Wizard)             Turns: 13287, Time: 00:50:49

Health: -12/77     AC:  3    Str:  6    XL:     11   Next: 22%
Magic:  17/23      EV: 13    Int: 23    God:    Sif Muna [*****.]
Gold:   484        SH:  4    Dex: 14    Spells: 2/27 levels left

rFire    . . .     SeeInvis +   v - +4 whip (vamp)
rCold    . . .     Gourm    .   l - +0 buckler
rNeg     . . .     Faith    .   x - +0 robe of the Eternal Void {MR++}
rPois    .         Spirit   .   f - +0 helmet
rElec    .         Reflect  .   (no cloak)
rCorr    .         Harm     .   (no gloves)
MR       +++..                  (no boots)
Stlth    ++........             o - amulet of magic regeneration
HPRegen  0.42/turn              (no ring)
MPRegen  0.43/turn              (no ring)

@: very slightly contaminated, regenerating quickly, heavily drained
A: no food, fangs 3, see invisible, unbreathing
a: Exsanguinate, Channel Magic, Forget Spell, Divine Exegesis, Renounce Religion


You were on level 11 of the Dungeon.
You worshipped Sif Muna.
Sif Muna was extremely pleased with you.
You were alive.

You visited 2 branches of the dungeon, and saw 12 of its levels.
You also visited: Sewer and Ossuary.

You collected 484 gold pieces.

Inventory:

Hand Weapons
 b - a +1 whip of flaming
 d - a +1 falchion of electrocution
 v - a +4 vampiric whip (weapon)
 I - a +2 whip of freezing
 Q - a +2 vorpal war axe
Missiles
 i - 376 stones
 j - 113 sling bullets
 m - 38 poisoned darts (quivered)
Armour
 f - a +0 helmet (worn)
 l - a +0 buckler (worn)
 x - the +0 robe of the Eternal Void (worn) {MR++}
   (You took it off an orc wizard on level 4 of the Dungeon)

   It affects your resistance to hostile enchantments.
Jewellery
 o - an amulet of magic regeneration (around neck)
 E - an uncursed ring of fire {unknown}
 F - an uncursed amulet of regeneration
 N - an uncursed ring of protection from cold {unknown}
Wands
 a - a wand of polymorph (10)
 B - a wand of flame (12)
 G - a wand of iceblast (4)
 J - a wand of clouds (4)
 K - a wand of disintegration (12)
 L - a wand of digging (7)
 P - a wand of acid (13)
Scrolls
 c - 3 scrolls of blinking
 h - 6 scrolls of remove curse
 k - 5 scrolls of amnesia
 t - 6 scrolls of fear
 w - 3 scrolls of fog
 y - a scroll of enchant weapon
 z - a scroll of enchant armour
 C - a scroll of random uselessness {unknown}
 H - 5 scrolls of identify
 M - a scroll of vulnerability {unknown}
Potions
 e - 3 potions of might
 g - 3 potions of brilliance
 p - 4 potions of cancellation {unknown}
 q - 2 potions of degeneration {unknown}
 r - 5 potions of curing
 s - a potion of flight {unknown}
 u - 9 potions of heal wounds {unknown}
 A - 5 potions of magic {unknown}
 D - 2 potions of stabbing {unknown}
 O - a potion of resistance {unknown}


   Skills:
 + Level 4.0(2.3) Fighting
 + Level 5.2(3.4) Dodging
 - Level 3.0(1.3) Stealth
 - Level 4.0(2.2) Shields
 * Level 8.6(6.6) Spellcasting
 * Level 6.8(5.0) Conjurations
 + Level 5.3(3.4) Hexes
 - Level 1.0(0.0) Summonings
 + Level 4.1(2.3) Necromancy
 - Level 0.7(0.0) Translocations
 - Level 5.0(3.2) Air Magic
 - Level 5.0(3.2) Poison Magic
 + Level 1.0(0.0) Invocations
 + Level 0.9(0.0) Evocations


You had 2 spell levels left.
You knew the following spells:

 Your Spells              Type           Power        Failure   Level  Hunger
a - Magic Dart            Conj           ####         1%          1    N/A
b - Call Imp              Summ           #.......     14%         2    N/A
c - Animate Dead          Necr           N/A          36%         4    N/A
d - Slow                  Hex            ###.....     3%          2    N/A
e - Conjure Flame         Conj/Fire      ###.....     11%         3    N/A
f - Agony                 Necr           ###.....     71%         5    N/A
g - Spectral Weapon       Hex/Chrm       ###.....     14%         3    N/A
q - Blink                 Tloc           N/A          14%         2    N/A
u - Mephitic Cloud        Conj/Pois/Air  ####....     6%          3    N/A

Your spell library contained the following spells:

 Spells                   Type           Power        Failure   Level  Hunger
 Animate Skeleton         Necr           N/A          3%          1    N/A
 Pain                     Necr           ###.         3%          1    N/A
 Freeze                   Ice            #...         10%         1    N/A
 Song of Slaying          Chrm           #.......     14%         2    N/A
 Vampiric Draining        Necr           ###.......   11%         3    N/A
 Frozen Ramparts          Ice            #.....       28%         3    N/A
 Ozocubu's Armour         Chrm/Ice       #.......     28%         3    N/A
 Hailstorm                Conj/Ice       ###.....     34%         4    N/A
 Summon Ice Beast         Ice/Summ       #.......     67%         4    N/A
 Iskenderun's Battlesphe  Conj/Chrm      ###.....     67%         5    N/A
 Bolt of Magma            Conj/Fire/Erth ###.......   80%         5    N/A
 Blade Hands              Tmut           #.........   95%         5    N/A
 Iron Shot                Conj/Erth      ###.......   99%         6    N/A
 Orb of Destruction       Conj           ####......   100%        7    N/A
 Spellforged Servitor     Conj/Summ      ###.......   100%        7    N/A

Dungeon Overview and Level Annotations

Branches:
Dungeon (11/15)            Temple (1/1) D:6            Lair (0/6) D:8
  Sewer (visited)         Ossuary (visited)
    Orc: D:9-12

Altars:
Ashenzari
Cheibriados
Dithmenos
Elyvilon
Fedhas
Gozag
Hepliaklqana
Kikubaaqudgha
Makhleb
Nemelex Xobeh
Okawaru
Qazlal
Ru
Sif Muna
Trog
Uskayaw
Vehumet
Wu Jian
Xom
Yredelemnul
Zin
The Shining One

Shops:
D:4 (

Annotations:
D:9 3 runed translucent doors, DoubleLucky's ghost, journeyman DrFE
D:10 3 runed translucent doors, Gastronok; Johnny's ghost, novice DgEE
D:11 Josephine


Innate Abilities, Weirdness & Mutations

You do not eat.
Your natural rate of healing is unusually fast.
You have razor-sharp teeth.
You have supernaturally acute eyesight. (SInv)
You can survive without breathing.


Message History

Nothing appears to happen.
Josephine is infused with unholy energy.
* * * LOW HITPOINT WARNING * * *
Josephine draws life force from you and is healed!
Unknown command.
Casting: Mephitic Cloud (dangerous; 4% risk of failure)
Confirm with . or Enter, or press ? or * to list all spells.
Aiming: Mephitic Cloud (dangerous; 4% risk of failure)
Press: ? - help, Shift-Dir - straight line, f/p - Josephine
Aim: Josephine, wielding a +0 dagger and wearing a +0 robe (almost dead)
The ball explodes into a vile cloud!
The stinking cloud engulfs Josephine but does no damage.
Josephine is almost dead.
The stinking cloud engulfs you but does no damage.
The stinking cloud engulfs the wraith but does no damage.
Josephine is engulfed in noxious fumes.
Josephine gestures at you while chanting.
The ghostly flame explodes!
The ghostly fireball engulfs you!!
You feel drained.
You die...

### #.# # #.# #. ####### ##.#
#.# ###...@@#####..##
#..#####..#####WWo.....#
#....).)## ##WW...).....#
#.....)## #............
##...(.# #.............
#.....## #^.............
##...<..# #...............
#.......### #................
#...###....##.........8......


You could see Josephine, 4 wraiths and an orc wizard.

Vanquished Creatures
  A two-headed ogre (D:8)
  Pikel (D:5)
  An ugly thing (D:10)
  Prince Ribbit (D:5)
  2 hippogriffs
  3 hogs (D:8)
  5 yaks
  A human (D:8)
  A hungry ghost (D:7)
  Edmund (D:5)
  Duvessa (D:5)
  2 porcupines (D:8)
  3 orc warriors
  2 black bears
  2 ice beasts
  2 sky beasts
  2 slaves (D:5)
  3 ogres
  3 phantoms
  A necrophage (D:9)
  6 centaurs
  6 big kobolds
  9 bullfrogs
  A gnoll sergeant (D:5)
  Dowan (D:5)
  3 killer bees
  4 scorpions
  A howler monkey (D:4)
  A bullfrog zombie (D:6)
  An electric eel (D:6)
  8 crimson imps
  A quasit (D:9)
  3 centaur zombies
  3 hounds
  2 jellies (D:10)
  A gnoll shaman (D:8)
  A human zombie (Ossuary)
  6 orc priests
  3 iguanas
  9 orc wizards
  7 worker ants
  Terence (D:2)
  A hound skeleton (D:4)
  2 mummies (Ossuary)
  12 gnolls
  2 howler monkey skeletons
  10 adders
  2 river rats
  2 shadow imps
  5 oozes
  7 worms
  A dart slug (D:3)
  9 leopard geckos
  41 orcs
  8 ball pythons
  9 giant cockroaches
  6 goblins
  5 hobgoblins
  9 jackals
  24 kobolds
  6 quokkas
  4 bats
  4 frilled lizards
  8 hobgoblin zombies (Ossuary)
  2 jackal zombies (Ossuary)
  16 kobold zombies (Ossuary)
  6 orc zombies (Ossuary)
  A quokka zombie (D:9)
  15 rats
  2 rat zombies (Ossuary)
  A spectral weapon (D:10)
336 creatures vanquished.

Vanquished Creatures (collateral kills)
  A cyclops (D:10)
  A centaur skeleton (D:10)
  A troll (D:10)
3 creatures vanquished.

Vanquished Creatures (others)
  2 slaves (D:5)
  An orc (D:5)
  2 kobolds (D:5)
  7 fungi (D:8)
  5 plants (D:8)
17 creatures vanquished.

Grand Total: 356 creatures vanquished

Notes
Turn   | Place    | Note
-------+----------+-------------------------------------------
     0 | D:1      | DerDa the Vampire Wizard began the quest for the Orb.
     0 | D:1      | Reached XP level 1. HP: 13/13 MP: 4/4
   199 | D:1      | Reached skill level 1 in Conjurations
   377 | D:1      | Reached XP level 2. HP: 19/19 MP: 1/6
   381 | D:1      | Learned a level 2 spell: Blink
   900 | D:2      | Noticed Terence
  1160 | D:2      | Reached XP level 3. HP: 24/24 MP: 0/8
  1165 | D:2      | Learned a level 3 spell: Mephitic Cloud
  1168 | D:2      | Learned a level 2 spell: Call Imp
  2020 | D:3      | Reached XP level 4. HP: 30/30 MP: 3/9
  2167 | D:3      | Found a faded altar of an unknown god.
  2989 | D:3      | Found a burning altar of Makhleb.
  2998 | D:3      | Reached skill level 4 in Spellcasting
  3003 | D:3      | Found a white marble altar of Elyvilon.
  3004 | D:3      | Found a glowing silver altar of Zin.
  3007 | D:3      | Found a shimmering blue altar of Sif Muna.
  3011 | D:3      | Became a worshipper of Sif Muna the Loreminder
  3356 | D:3      | Reached skill level 1 in Air Magic
  3602 | D:4      | Reached skill level 1 in Poison Magic
  3613 | D:4      | Reached XP level 5. HP: 32/35 MP: 1/11
  3874 | D:4      | Found Wypeirot's Weapon Emporium.
  3911 | D:4      | Reached XP level 6. HP: 28/41 MP: 5/12
  3934 | D:4      | Identified the +0 robe of the Eternal Void {MR++}
  3991 | D:4      | Noticed a shadow
  3992 | D:4      | Found a shadowy altar of Dithmenos.
  3993 | D:4      | Found a hazy altar of Hepliaklqana.
  4132 | D:4      | Reached * piety under Sif Muna
  4256 | D:4      | Found a glowing drain.
  4266 | Sewer    | Entered a sewer
  4494 | Sewer    | Reached skill level 5 in Spellcasting
  4494 | Sewer    | Reached XP level 7. HP: 42/46 MP: 1/14
  4800 | Sewer    | Reached ** piety under Sif Muna
  5440 | D:2      | Killed Terence
  5488 | D:5      | Entered Level 5 of the Dungeon
  5537 | D:5      | Noticed Pikel
  5584 | D:5      | Killed Pikel
  5584 | D:5      | Reached skill level 6 in Spellcasting
  5584 | D:5      | Reached XP level 8. HP: 31/52 MP: 15/17
  5695 | D:5      | Noticed Duvessa
  5970 | D:5      | Learned a level 4 spell: Animate Dead
  6001 | D:5      | Noticed Prince Ribbit
  6023 | D:5      | Killed Prince Ribbit
  6023 | D:5      | Reached skill level 1 in Shields
  6023 | D:5      | Reached skill level 5 in Conjurations
  6383 | D:5      | Noticed Edmund
  6489 | D:5      | Killed Edmund
  6569 | D:5      | Noticed Dowan
  6591 | D:5      | Killed Duvessa
  6591 | D:5      | Reached skill level 1 in Fighting
  6591 | D:5      | Reached XP level 9. HP: 59/59 MP: 8/19
  6597 | D:5      | Killed Dowan
  6807 | D:5      | Reached *** piety under Sif Muna
  6944 | D:6      | Reached skill level 7 in Spellcasting
  7209 | D:6      | Learned a level 2 spell: Slow
  7213 | D:6      | Learned a level 3 spell: Conjure Flame
  7219 | D:6      | Learned a level 5 spell: Agony
  7238 | D:6      | Found a staircase to the Ecumenical Temple.
  7252 | Temple   | Entered the Ecumenical Temple
  7813 | D:6      | Reached skill level 1 in Hexes
  8014 | D:7      | Reached skill level 1 in Necromancy
  8105 | D:7      | Found a sand-covered staircase.
  8110 | Ossuary  | Entered an ossuary
  8121 | Ossuary  | Reached **** piety under Sif Muna
  8522 | D:7      | Reached ***** piety under Sif Muna
  8583 | D:7      | Received a gift from Sif Muna
  9169 | D:7      | Found an iron altar of Okawaru.
  9170 | D:7      | Found a stormy altar of Qazlal.
  9173 | D:7      | Found a blossoming altar of Fedhas.
  9635 | D:8      | Reached XP level 10. HP: 32/68 MP: 2/21
  9793 | D:8      | Noticed a two-headed ogre
  9821 | D:8      | Killed a two-headed ogre
  9939 | D:8      | Reached skill level 5 in Air Magic
 10399 | D:8      | Reached skill level 8 in Spellcasting
 10540 | D:8      | Found a staircase to the Lair.
 11449 | D:9      | Reached skill level 5 in Poison Magic
 11693 | D:9      | Found a runed translucent gate.
 11693 | D:9      | Found a runed translucent gate.
 11694 | D:9      | Found a runed translucent gate.
 11697 | D:9      | Noticed DoubleLucky's ghost (journeyman DrFE)
 12046 | D:10     | Entered Level 10 of the Dungeon
 12145 | D:10     | Reached skill level 5 in Dodging
 12147 | D:10     | Identified Sif Muna's Handbook of Transformation and
                  | Enhancements (Sif Muna gifted it to you on level 10 of the
                  | Dungeon)
 12147 | D:10     | Received a gift from Sif Muna
 12147 | D:10     | Reached XP level 11. HP: 76/76 MP: 7/23
 12153 | D:10     | Learned a level 3 spell: Spectral Weapon
 12473 | D:10     | Reached skill level 5 in Hexes
 12700 | D:10     | Noticed a green ugly thing
 12829 | D:10     | Killed a green ugly thing
 12862 | D:10     | Noticed Gastronok
 13075 | D:10     | Found a runed translucent gate.
 13075 | D:10     | Found a runed translucent gate.
 13075 | D:10     | Found a runed translucent gate.
 13076 | D:10     | Noticed an unseen horror
 13077 | D:10     | Found an opulent altar of Gozag.
 13077 | D:10     | Noticed Johnny's ghost (novice DgEE)
 13079 | D:10     | Noticed a seven-headed hydra
 13079 | D:10     | Noticed an ogre mage
 13203 | D:11     | Reached skill level 1 in Invocations
 13253 | D:11     | Noticed Josephine
 13287 | D:11     | Killed from afar by Josephine

Illustrated notes

Levels and vault maps discovered:
D:1:      minmay_arrival_stair_chambers, layout_loops_ring
D:2:      layout_basic, first_ration, uniq_terence
D:3:      layout_loops_corners, minitemple, chequers_ecumenical_altar_grove
D:4:      layout_cave_pools, riverfiend_overflow_shadow_ancestor,
          gup_sewer_entry_bubbles, serial_shops, nicolae_shop_trees
D:5:      layout_basic, uniq_prince_ribbit1, uniq_duvessa, uniq_pikel,
          uniq_edmund
D:6:      layout_rooms, minmay_temple_entry_crystal_x, nrook_pool_corridor
D:7:      layout_loops_ring, nicolae_overflow_hidden_temple, enter_ossuary_2,
          lightli_corner_chamber
D:8:      layout_basic, grunt_lair_entry_orc_guard_hut, grunt_livestock
D:9:      layout_roguey, gammafunk_ghost_necromancy
D:10:     layout_long_grid, ebering_ghost_gozag, uniq_gastronok
D:11:     layout_layer_cave, serial_shops, shop, minivault_16,
          hangedman_abyss_or_decor_stabs, solitary_fountain,
          nicolae_straight_to_the_point, uniq_josephine
Temple:   dshaligram_water_room_temple

Skill      XL: |  1  2  3  4  5  6  7  8  9 10 11 |
---------------+----------------------------------+-----
Conjurations   | 1 2 3 4 5 6 |  6.8
Spellcasting   | 4 5 6 7 8 |  8.6
Air Magic      | 1 2 3 4 5 |  5.0
Poison Magic   | 1 2 3 4 5 |  5.0
Shields        | 1 3 4 |  4.0
Fighting       | 1 2 3 4 |  4.0
Dodging        | 3 5 |  5.2
Hexes          | 2 4 5 |  5.3
Necromancy     | 1 3 4 |  4.1
Invocations    | 1 |  1.0
Stealth        | |  3.0
Summonings     | |  1.0
Translocations | |  0.7
Evocations     | |  0.9

Action                   |  1- 3 |  4- 6 |  7- 9 | 10-12 || total
-------------------------+-------+-------+-------+-------++-------
Melee: Whip              |    21 |    16 |   142 |   157 ||   336
       Bite              |       |       |    15 |    10 ||    25
Throw: Dart              |       |    37 |       |       ||    37
       Stone             |       |     4 |       |       ||     4
 Cast: Magic Dart        |    90 |   222 |   567 |   364 ||  1243
       Mephitic Cloud    |       |     4 |    29 |    34 ||    67
       Conjure Flame     |       |       |    11 |    19 ||    30
       Call Imp          |       |       |     1 |     1 ||     2
       Slow              |       |       |       |    15 ||    15
       Blink             |       |       |       |     3 ||     3
       Animate Dead      |       |       |       |     3 ||     3
       Spectral Weapon   |       |       |       |     5 ||     5
Evoke: Wand              |       |       |       |     1 ||     1
  Use: Scroll            |     1 |     6 |     4 |     1 ||    12
 Stab: Confused          |       |       |    14 |    16 ||    30
Armor: Robe              |     7 |     7 |    29 |    22 ||    65
Dodge: Dodged            |    21 |    28 |   154 |   157 ||   360
Block: Buckler           |       |       |     7 |    31 ||    38
